 Dungeon Crawl Stone Soup version 0.26-a0-466-g989023bd0d (webtiles) character file.

Game seed: 13538080053495462493

99 vatarom the Sneak (level 4, -2/28 HPs)
             Began as an Octopode Transmuter on Aug 11, 2020.
             Was an Initiate of Wu Jian.
             Slain by an adder (5 damage)
             ... on level 2 of the Dungeon.
             The game lasted 00:02:44 (2195 turns).

vatarom the Sneak (Octopode Transmuter)             Turns: 2195, Time: 00:02:44

Health: -2/28      AC:  1    Str:  7 (9)  XL:     4   Next: 72%
Magic:  7/7        EV: 13    Int: 12 (15) God:    Wu Jian [......]
Gold:   109        SH:  0    Dex:  8 (11) Spells: 3/7 levels left

rFire    . . .     SeeInvis .     - Unarmed
rCold    . . .     Faith    .   (no shield)
rNeg     . . .     Spirit   .   (helmet restricted)
rPois    .         Reflect  .   (no amulet)
rElec    .         Harm     .   h - ring of stealth
rCorr    .                      (no ring)
MR       .....                  (no ring)
Stlth    ++++......             (no ring)
HPRegen  0.09/turn              (no ring)
MPRegen  0.10/turn              (no ring)
                                (no ring)
                                (no ring)

@: lethally poisoned (-2 -> -6), stab
A: almost no armour, stealthy swim, amphibious, 8 rings, constrict 8, camouflage
1, clumsy 1, sense surroundings 1, gelatinous body 1, MP-powered wands
a: Renounce Religion


You were on level 2 of the Dungeon.
You worshipped Wu Jian.
Wu Jian was noncommittal.
You visited 1 branch of the dungeon, and saw 2 of its levels.

You collected 109 gold pieces.

Inventory:

Jewellery
 h - a ring of stealth (left tentacle)
Scrolls
 b - 2 scrolls of magic mapping {unknown}
 c - a scroll of amnesia {unknown}
 e - 2 scrolls of random uselessness {unknown}
 f - 2 scrolls of identify {unknown}
 g - a scroll of remove curse {unknown}


   Skills:
 - Level 1.0 Fighting
 - Level 2.0 Dodging
 - Level 4.5 Stealth
 - Level 3.0 Unarmed Combat
 - Level 2.0 Spellcasting
 + Level 3.3 Transmutations


You had 3 spell levels left.
You knew the following spells:

 Your Spells              Type           Power        Failure   Level
a - Beastly Appendage     Tmut           #.....       7%          1
b - Spider Form           Tmut/Pois      #.........   38%         3

Your spell library contained the following spells:

 Spells                   Type           Power        Failure   Level
 Wereblood                Tmut           #.......     11%         2
 Ice Form                 Ice/Tmut       #.......     80%         4
 Blade Hands              Tmut           #.........   88%         5


Dungeon Overview and Level Annotations

Branches:
Dungeon (2/15)

Altars:
Wu Jian
Xom


Innate Abilities, Weirdness & Mutations

You cannot wear most types of armour.
You are very stealthy in the water. (Stealth+)
You are amphibious.
You can wear up to eight rings at the same time.
You can use your tentacles to constrict eight enemies at once.
Your skin changes colour to match your surroundings (Stealth+).
Your rubbery body absorbs attacks. (AC +1, EV +1)
You are clumsy. (Dex -2)
You passively map a small area around you.
You expend magic power (3 MP) to strengthen your wands.


Message History

The adder misses you.
You feel sick. The quokka skeleton bites you.
* * * LOW HITPOINT WARNING * * *
The adder bites you.
* * * LOW HITPOINT WARNING * * *
It was a potion of degeneration.
There was something very wrong with that liquid.
You feel weakened.
You feel dopey.
You feel clumsy.
* * * LOW HITPOINT WARNING * * *
You feel sick. The adder misses you.
It was a potion of mutation.
You feel extremely strange.
You feel clumsy.
You feel your magical essence link to the dungeon's wands.
You feel a strange attunement to the structure of the dungeons.
The adder misses you.
It was a potion of stabbing.
You feel ready to backstab.
* * * LOW HITPOINT WARNING * * *
You feel sick. The adder bites you.
You die...

#.##..# #####.##
..###.### ###...#..# ..#
#...# #.....##.# ###
##..#,#.....##.#########
..#####.#
#.....##.........#
........#
#.....##.........#
#######.#
#.....##.........#
#.###.....##.......?.#
#.........@SS........#
#.........##Zg.......#
############.........#
*#.........#
#.g[......^#
#..........#
#......##### #......# ,


You could see 2 adders, a hobgoblin and a quokka skeleton.

Vanquished Creatures
  A howler monkey zombie (D:2)
  An adder (D:2)
  2 gnolls
  An adder zombie (D:2)
  A worm (D:2)
  2 dart slugs (D:1)
  3 leopard geckos
  A ball python (D:2)
  A bat zombie (D:2)
  5 goblins
  6 hobgoblins
  4 kobolds
  A quokka (D:2)
  10 bats
  5 frilled lizards
  A quokka zombie (D:2)
  6 rats
51 creatures vanquished.

Notes
Turn   | Place    | Note
-------+----------+-------------------------------------------
     0 | D:1      | vatarom the Octopode Transmuter began the quest for the
                  | Orb.
     0 | D:1      | Reached XP level 1. HP: 13/13 MP: 3/3
    52 | D:1      | Reached skill level 1 in Stealth
    70 | D:1      | Reached skill level 2 in Stealth
    78 | D:1      | Reached XP level 2. HP: 18/18 MP: 5/5
   200 | D:1      | Reached skill level 3 in Stealth
   347 | D:1      | Reached skill level 4 in Stealth
   347 | D:1      | Reached XP level 3. HP: 4/23 MP: 6/6
   937 | D:1      | Learned a level 3 spell: Spider Form
  1114 | D:2      | Reached XP level 4. HP: 20/28 MP: 5/7
  1308 | D:2      | Found an ornate altar of the Wu Jian Council.
  1382 | D:2      | Became a worshipper of the Wu Jian Council
  2033 | D:2      | Found a shimmering altar of Xom.
  2035 | D:2      | Found a glowing silver altar of Zin.
  2035 | D:2      | Found an opulent altar of Gozag.
  2037 | D:2      | Found a shadowy altar of Dithmenos.
  2037 | D:2      | Found a hazy altar of Hepliaklqana.
  2037 | D:2      | Found an ornate altar of the Wu Jian Council.
  2194 | D:2      | Gained mutation: You are clumsy. (Dex -2) [potion of
                  | mutation]
  2194 | D:2      | Gained mutation: You expend magic power (3 MP) to
                  | strengthen your wands. [potion of mutation]
  2194 | D:2      | Gained mutation: You passively map a small area around you.
                  | [potion of mutation]
  2195 | D:2      | Slain by an adder

Illustrated notes

Levels and vault maps discovered:
D:1:      tarquinn_simple_flora_water_c, layout_basic, minmay_pentomino_x4
D:2:      lemuel_upstairs_altar, layout_rooms, doesnt_xom_only_xom,
          marbit_many_paths, serial_undead, serial_undead_c, serial_undead_c,
          serial_undead_a, serial_undead_e, kennysheep_generic_room_3

Skill      XL: |  1  2  3  4 |
---------------+-------------+-----
Stealth        | 2 4 |  4.5
Transmutations | 3 |  3.3
Fighting       | |  1.0
Dodging        | |  2.0
Unarmed Combat | |  3.0
Spellcasting   | |  2.0

Action                   |  1- 3 |  4- 6 || total
-------------------------+-------+-------++-------
Melee: Unarmed           |    59 |    57 ||   116
       Constrict         |    15 |    10 ||    25
       Tentacles         |    13 |     9 ||    22
       Punch             |     1 |       ||     1
       Kick              |     2 |     3 ||     5
 Cast: Beastly Appendage |     5 |     2 ||     7
Invok: Lunge             |       |     6 ||     6
  Use: Potion            |       |     3 ||     3
 Stab: Sleeping          |     8 |     5 ||    13
Armor: Skin              |    12 |     2 ||    14
Dodge: Dodged            |    28 |    45 ||    73

Table legend: (Time is in decaauts)
 A = Elapsed time spent in this place.
 B = Non-inter-level travel time spent in this place.
 C = Inter-level travel time spent in this place.
 D = Time resting spent in this place.
 E = Time spent auto-exploring this place.
 F = Levels seen in this place.
 G = Mean time per level.
                   A        B        C        D        E       F      G
               +--------+--------+--------+--------+--------+-----+--------+
         Total |   2188 |   2119 |     69 |    776 |    992 |   2 | 1094.0 |
       Dungeon |   2188 |   2119 |     69 |    776 |    992 |   2 | 1094.0 |
               +--------+--------+--------+--------+--------+-----+--------+

Top non-repeatable levels by time:
     D:1: 1328 daAuts
     D:2: 859 daAuts
